 Dungeon Crawl Stone Soup version 0.28.0-43-g3370ac3207 (webtiles) character file.

Game seed: 16042043434602282019

35 weregamer the Digger (level 3, -2/20 HPs)
             Began as a Gargoyle Earth Elementalist on Mar 28, 2022.
             Killed from afar by Sigmund (6 damage)
             ... with a magic dart
             ... on level 2 of the Dungeon.
             The game lasted 00:30:55 (1291 turns).

weregamer the Digger (Gargoyle Earth Elementalist)  Turns: 1291, Time: 00:30:56

Health: -2/20      AC:  5    Str: 13    XL:     3   Next: 35%
Magic:  3/6        EV: 11    Int: 15    God:
Gold:   22         SH:  0    Dex: 10    Spells: 0/6 levels left

rFire   . . .      SeeInvis .   a - staff of poison
rCold   . . .      Faith    .   d - orb {guile}
rNeg    + . .      Spirit   .   b - +0 robe
rPois   ∞          Reflect  .   (no helmet)
rElec   +          Harm     .   (no cloak)
rCorr   .          Rampage  .   (no gloves)
Will    .....                   (no boots)
Stlth   +.........              e - amulet of regeneration
HPRegen 0.86/turn               (no ring)
MPRegen 0.10/turn               (no ring)

@: confused
A: sickness immunity, AC +3, negative energy resistance 1, electricity
resistance, torment resistance 1, petrification resistance
a: no special abilities


You were on level 2 of the Dungeon.
You visited 1 branch of the dungeon, and saw 2 of its levels.

You collected 22 gold pieces.

Inventory:

Hand Weapons
 l - a +0 spear
Missiles
 c - 12 stones (quivered)
 j - 27 arrows
Armour
 b - a +0 robe (worn)
 d - an orb of guile (worn)
Magical Staves
 a - a staff of poison (weapon)
Jewellery
 e - an amulet of regeneration (around neck)
Scrolls
 f - 3 scrolls of identify {unknown}
 h - a scroll of magic mapping {unknown}
 k - a scroll of brand weapon {unknown}
Potions
 g - a potion of heal wounds {unknown}
 i - a potion of mutation {unknown}


   Skills:
 * Level 0.5 Fighting
 * Level 0.6 Staves
 * Level 0.6 Throwing
 * Level 0.4 Armour
 + Level 1.5 Dodging
 + Level 2.2 Stealth
 - Level 0.1 Unarmed Combat
 + Level 2.1 Spellcasting
 * Level 0.8 Transmutations
 * Level 4.1 Earth Magic
 * Level 0.6 Poison Magic
 * Level 0.4 Evocations


You couldn't memorise any spells.
You knew the following spells:

 Your Spells              Type           Power      Damage    Failure   Level
a - Sandblast             Erth           26%        2d8       4%          1
b - Passwall              Tmut/Erth      7%         N/A       12%         2
c - Stone Arrow           Conj/Erth      14%        3d7       28%         3

Your spell library contained the following spells:

 Spells                   Type           Power      Damage    Failure   Level
 Petrify                  Tmut/Erth      9%         N/A       61%         4


Dungeon Overview and Level Annotations

Branches:
Dungeon (2/15)

Altars:

Annotations:
D:2 Sigmund


Innate Abilities, Weirdness & Mutations

You are immune to sickness and miasma.
Your stone body is resilient. (AC +3)
You are immune to poison.
You resist negative energy. (rN+)
You are resistant to electric shocks. (rElec)
You are resistant to unholy torment.
You are immune to petrification.


Message History

You throw a stone.
The stone hits Sigmund but does no damage.
Sigmund is moderately wounded.
You throw a stone. Sigmund completely misses you.
You throw a stone.
Sigmund gestures wildly while chanting.
Sigmund flickers and vanishes!
Deactivating autopickup; reactivate with Ctrl-A.
Autopickup is now on.
You feel less confused. Something hits you.
Deactivating autopickup; reactivate with Ctrl-A.
You see here 6 gold pieces.
You hear some strange, mumbled words.
Something tries to affect you, but you resist.
Things that are here:
2 stones; 11 gold pieces
There is a strange disturbance nearby!
Something hits you.
You miss something. You hit something. Something hits you but does no damage.
You miss something. Something hits you.
You miss something.
You hear some strange, mumbled words.
A magic dart appears from out of thin air!
The magic dart hits you!
* * * LOW HITPOINT WARNING * * *
There is a strange disturbance nearby!
You hear some strange, mumbled words.
You are confused.
Things that are here:
2 stones; 11 gold pieces You see here a stone.
You bump into the rock wall.
Something hits you.
* * * LOW HITPOINT WARNING * * *
You are too confused!
You are too confused!
A magic dart appears from out of thin air!
The magic dart hits you.
You die...

#.##.......#(.#
###.##.#.##.<#..#
#......#.##..#..#
#.#.####.##..#(.#
##.#.# #.##..#..#
##....# #.##..#{$#
..#.....## #..((..(.#
.........######..#.##
...............@.#)#
##.................#
##........####.####
##.......## #...
#........# ####.#
...#...##.# #
######### .# .. #.#


There were no monsters in sight!

Vanquished Creatures
  2 dart slugs (D:1)
  2 ball pythons (D:1)
  4 bats
  5 endoplasms
  A giant cockroach (D:1)
  A goblin (D:1)
  A hobgoblin (D:1)
  A quokka (D:1)
  2 frilled lizards (D:1)
  4 kobolds
  7 rats
30 creatures vanquished.

Notes
Turn   | Place    | Note
-------+----------+-------------------------------------------
     0 | D:1      | weregamer the Gargoyle Earth Elementalist began the quest
                  | for the Orb.
     0 | D:1      | Reached XP level 1. HP: 10/10 MP: 3/3
   344 | D:1      | Reached XP level 2. HP: 14/15 MP: 0/5
   602 | D:1      | Reached skill level 4 in Earth Magic
   605 | D:1      | Learned a level 2 spell: Passwall
   742 | D:1      | Reached XP level 3. HP: 20/20 MP: 3/6
   916 | D:1      | Learned a level 3 spell: Stone Arrow
  1256 | D:2      | Noticed Sigmund
  1291 | D:2      | Killed from afar by Sigmund

Illustrated notes

Levels and vault maps discovered:
D:1:      nzn_arrival_depleted_hourglass, layout_basic, minmay_tetromino_s2
D:2:      layout_loops_ring, basic_altar, uniq_jessica, uniq_sigmund

Skill      XL: |  1  2 |
---------------+-------+-----
Earth Magic    | 4 |  4.1
Fighting       | |  0.5
Staves         | |  0.6
Throwing       | |  0.6
Armour         | |  0.4
Dodging        | |  1.5
Stealth        | |  2.2
Unarmed Combat | |  0.1
Spellcasting   | |  2.1
Transmutations | |  0.8
Poison Magic   | |  0.6
Evocations     | |  0.4

Action                   || total
-------------------------++-------
Melee: Staff             ||    24
Throw: Stone             ||    14
 Cast: Sandblast         ||    35
 Stab: Sleeping          ||     1
Armor: Robe              ||     6
Dodge: Dodged            ||    22
